 Dungeon Crawl Stone Soup version 0.30-a0-585-g93115170b9 (webtiles) character file.

Game seed: 985896603134813770

5271 Newt the Protected (level 10, -7/72 HPs)
             Began as a Demonspawn Gladiator on Jan 1, 2023.
             Was a Believer of Hepliaklqana.
             Mangled by an efreet
             ... wielding a +2 scimitar of flaming
              (14 damage)
             ... on level 8 of the Dungeon.
             The game lasted 00:07:37 (6210 turns).

Newt the Protected (Demonspawn Gladiator)           Turns: 6210, Time: 00:07:38

Health: -7/72      AC: 20    Str: 15    XL:     10   Next: 36%
Magic:  11/11      EV: 10    Int: 12    God:    Hepliaklqana [**....]
Gold:   1895       SH: 11    Dex: 22    Spells: 9/9 levels left

rFire   . . .      SeeInvis .    l - +10 war axe of the Keeping Tiger {heavy, Int+3 Stlth-}
rCold   . . .      Faith    .    k - +0 buckler
rNeg    . . .      Spirit   .    j - +0 scale mail
rPois   .          Reflect  +    c - +0 helmet
rElec   .          Harm     .    p - +0 cloak
rCorr   .          Rampage  .    t - +5 pair of gloves of Vedureck {Str-4 Dex+7 Slay+5}
Will    .....                    (no boots) Stlth
                                 g - amulet of reflection
HPRegen 0.32/turn                (no ring)
MPRegen 0.12/turn                (no ring)

@: no status effects
A: reduced essence, yellow scales 2, icemail 1, condensation shield, demonic
magic 1
a: Renounce Religion, Recall Ancestor, Ancestor Identity


You were on level 8 of the Dungeon.
You worshipped Hepliaklqana.
Hepliaklqana was pleased with you.
You visited 1 branch of the dungeon, and saw 8 of its levels.
You also visited: Bailey.

You collected 1955 gold pieces.
You spent 60 gold pieces at shops.

Inventory:

Hand Weapons
 a - a +0 rapier
 i - a +2 vampiric whip
 l - the +10 war axe of the Keeping Tiger (weapon) {heavy, Int+3 Stlth-}
   (You found it on level 2 of the Dungeon)

   It deals dramatically more damage, but attacks with it are much slower.
   Int:       It affects your intelligence (+3).
   Stlth:     It makes you less stealthy.
Missiles
 d - 2 throwing nets (quivered)
 e - a javelin
 h - 5 curare-tipped darts
 n - 5 poisoned darts
Armour
 b - a +0 leather armour
 c - a +0 helmet (worn)
 j - a +0 scale mail (worn)
 k - a +0 buckler (worn)
 p - a +0 cloak (worn)
 t - the +5 pair of gloves of Vedureck (worn) {Str-4 Dex+7 Slay+5}
   (You found it on level 4 of the Dungeon)

   Str:       It affects your strength (-4).
   Dex:       It affects your dexterity (+7).
   Slay:      It affects your accuracy & damage with ranged weapons and melee
   (+5).
Jewellery
 g - an amulet of reflection (around neck)
 F - a ring of fire
Wands
 m - a wand of quicksilver (3)
 y - a wand of roots (7)
Scrolls
 f - 3 scrolls of enchant weapon
 r - a scroll of amnesia
 u - a scroll of enchant armour {unknown}
 v - 2 scrolls of vulnerability
 D - a scroll of butterflies
 E - a scroll of immolation {unknown}
 I - a scroll of fear
 K - a scroll of fog
Potions
 q - a potion of curing
 s - a potion of flight
 w - a potion of invisibility {unknown}
 x - a potion of might {unknown}
 z - a potion of heal wounds
 A - a potion of berserk rage {unknown}
 B - a potion of brilliance {unknown}
 C - a potion of attraction {unknown}
 G - 2 potions of mutation {unknown}
 H - 2 potions of resistance {unknown}
 J - a potion of cancellation {unknown}


   Skills:
 - Level 8.0 Fighting
 - Level 2.6 Short Blades
 - Level 4.8(5.0) Axes
 - Level 1.6(3.4) Maces & Flails
 - Level 1.7 Throwing
 - Level 9.0 Armour
 - Level 2.6 Dodging
 - Level 2.0 Stealth
 - Level 5.0 Shields
 + Level 1.4 Invocations
 - Level 3.0 Evocations


You had 9 spell levels left.
You didn't know any spells.
Your spell library contained the following spells:

 Spells                   Type           Power      Damage    Failure   Level
 Apportation              Tloc           0%         N/A       80%         1
 Magic Dart               Conj           0%         1d3       80%         1
 Necrotise                Necr           0%         1d4       80%         1
 Summon Small Mammal      Summ           0%         N/A       80%         1
 Blink                    Tloc           0%         N/A       90%         2
 Ensorcelled Hibernation  Hex/Ice        0%         N/A       90%         2
 Momentum Strike          Conj/Tloc      0%         3d8       90%         2
 Passwall                 Tmut/Erth      0%         N/A       90%         2
 Searing Ray              Conj           0%         2d4       90%         2
 Call Canine Familiar     Summ           0%         N/A       99%         3
 Hailstorm                Conj/Ice       0%         3d3       99%         3
 Lesser Beckoning         Tloc           0%         N/A       99%         3
 Swiftness                Air            0%         N/A       99%         3
 Animate Armour           Summ/Erth      0%         N/A       100%        4
 Fulminant Prism          Conj/Hex       0%         3d5       100%        4
 Summon Lightning Spire   Summ/Air       0%         N/A       100%        4
 Summon Forest            Summ/Tloc      0%         N/A       100%        5


Dungeon Overview and Level Annotations

Branches:
Dungeon (8/15)             Temple (0/1) D:4          Bailey (visited)
   Lair: D:8-11

Altars:
Ashenzari
Cheibriados
Hepliaklqana
Ru
Sif Muna
Uskayaw
Xom

Shops:
D:5 !


Innate Abilities, Weirdness & Mutations

Your life essence is reduced to manifest your ancestor. (-10% HP)
You are mostly covered in yellow scales. (AC +3)
A meltable icy envelope protects you from harm. (AC +0)
A meltable shield of frost defends you. (SH +0)
Spells you cast may paralyse adjacent enemies.


Message History

The centaur warrior shouts!
The centaur warrior unwields a +0 heavy spear.
The centaur warrior wields a +0 shortbow.
The centaur warrior shoots an arrow.
The arrow barely misses you.
You hear a shout!
The centaur warrior shoots an arrow.
The arrow hits you but does no damage.
You hear a shout!
No target in view!
An efreet comes into view.
It is wielding a +2 scimitar of flaming and wearing a +2 robe of positive energy.
The centaur warrior shoots an arrow.
You reflect the arrow off an invisible shield around you!
The arrow barely misses the centaur warrior.
The efreet gestures at you. The bolt of fire hits you!!
Your icy defenses dissipate!
The centaur warrior unwields a +0 shortbow.
The centaur warrior wields a +0 heavy spear.
You block the centaur warrior's attack.
The centaur warrior kicks you but does no damage.
You slash the centaur warrior!
The centaur warrior is moderately wounded.
You slash the efreet!
The centaur warrior hits you with a +0 heavy spear.
You block the centaur warrior's attack. The efreet hits you but does no damage.
You block the centaur warrior's attack.
The centaur warrior kicks you but does no damage.
The efreet misses you.
You slash the centaur warrior!
The centaur warrior is heavily wounded.
You slash the efreet!
The centaur warrior hits you with a +0 heavy spear.
The centaur warrior kicks you but does no damage.
The efreet gestures at you. The bolt of fire hits you!!
* * * LOW HITPOINT WARNING * * *
The bolt of fire hits Arsinoe!
Arsinoe resists.
The centaur warrior barely misses you. You block the centaur warrior's attack.
The efreet hits you with a +2 scimitar of flaming!
You die...

.....##...........#
.....##.......)...####
#.........$...........
........####..$...###
#.####### #......# #.#
#......# #.# ##......#
..# #.....######## ...
....###R@R...... ###
..... ###c.°.... .
##.## .###.## ## ...
## .. .. ... ... .. ##


You could see the friendly Arsinoe the hexer, a centaur warrior and an efreet
(ally target).

Vanquished Creatures
  A two-headed ogre (Bailey)
  Grinder (D:3)
  3 spriggans (Bailey)
  A steam dragon (Bailey)
  A water moccasin (D:7)
  2 ice beasts (D:6)
  A black bear (D:6)
  8 ogres
  The ghost of Bediveer the Twirler, an amateur FoFi of Gozag (D:3)
  2 centaurs
  2 phantoms
  5 scorpions
  3 wights (D:7)
  3 howler monkeys
  Crazy Yiuf (D:2)
  4 jellies
  6 orc priests
  4 hounds
  Terence (D:3)
  3 orc wizards
  4 iguanas
  8 adders
  7 gnolls
  A shadow imp (D:7)
  2 white imps
  A worm (D:2)
  A dart slug (D:2)
  23 orcs
  4 ball pythons
  11 bats
  11 endoplasms
  2 giant cockroaches
  12 goblins
  5 hobgoblins
  12 kobolds
  3 quokkas
  3 frilled lizards
  6 rats
169 creatures vanquished.

Vanquished Creatures (collateral kills)
  A spriggan (Bailey)
  A shadow (D:8)
  A sky beast (D:7)
  An ice beast (D:5)
  An orc warrior (D:7)
  2 ogres (Bailey)
  2 bullfrogs
  A howler monkey (D:7)
  A jelly (D:6)
  An orc wizard (D:7)
  An adder (D:6)
  A dart slug (D:6)
  2 orcs (D:7)
16 creatures vanquished.

Vanquished Creatures (others)
  9 plants (D:2)
9 creatures vanquished.

Grand Total: 194 creatures vanquished

Notes
Turn   | Place    | Note
-------+----------+-------------------------------------------
     0 | D:1      | Newt the Demonspawn Gladiator began the quest for the Orb.
     0 | D:1      | Reached XP level 1. HP: 16/16 MP: 1/1
    86 | D:1      | Found a faded altar of an unknown god.
   101 | D:1      | Reached skill level 1 in Stealth
   134 | D:1      | Gained mutation: You are partially covered in yellow
                  | scales. (AC +2) [demonic ancestry]
   134 | D:1      | Reached XP level 2. HP: 16/22 MP: 2/2
   289 | D:1      | Reached skill level 1 in Maces & Flails
   417 | D:1      | Reached XP level 3. HP: 27/27 MP: 3/3
   670 | D:2      | Identified the +10 war axe of the Keeping Tiger {heavy,
                  | Int+3 Stlth-}
   693 | D:2      | Reached skill level 1 in Axes
   866 | D:2      | Reached XP level 4. HP: 33/33 MP: 4/4
  1164 | D:2      | Found a runed translucent door.
  1165 | D:2      | Noticed Crazy Yiuf
  1318 | D:2      | Killed Crazy Yiuf
  1431 | D:3      | Noticed Terence
  1431 | D:3      | Noticed Grinder
  1438 | D:3      | Killed Terence
  1439 | D:3      | Gained mutation: You are mostly covered in yellow scales.
                  | (AC +3) [demonic ancestry]
  1439 | D:3      | Reached XP level 5. HP: 32/38 MP: 5/5
  1458 | D:3      | Killed Grinder
  1459 | D:3      | Gained mutation: Spells you cast may paralyse adjacent
                  | enemies. [demonic ancestry]
  1459 | D:3      | Reached XP level 6. HP: 18/46 MP: 6/6
  1915 | D:3      | Found a hazy altar of Hepliaklqana.
  1955 | D:3      | Noticed Bediveer's ghost (amateur FoFi)
  1956 | D:3      | Found a runed translucent gate.
  1957 | D:3      | Found a runed translucent gate.
  1957 | D:3      | Found a runed translucent gate.
  1964 | D:3      | Found a shimmering blue altar of Sif Muna.
  1976 | D:3      | Became a worshipper of Hepliaklqana the Forgotten
  2039 | D:3      | Found a hide-covered altar of Uskayaw.
  2415 | D:3      | Found a broken altar of Ashenzari.
  2462 | D:3      | Killed Bediveer's ghost
  2463 | D:3      | Reached skill level 1 in Armour
  2463 | D:3      | Gained mutation: A meltable shield of frost defends you.
                  | (SH +0) [demonic ancestry]
  2463 | D:3      | Reached XP level 7. HP: 54/54 MP: 7/7
  2799 | D:4      | Reached skill level 2 in Armour
  2799 | D:4      | Identified the +5 pair of gloves of Vedureck {Str-4 Dex+7
                  | Slay+5}
  2901 | D:4      | Reached skill level 3 in Armour
  2904 | D:4      | Found a staircase to the Ecumenical Temple.
  3295 | D:5      | Entered Level 5 of the Dungeon
  3313 | D:5      | Reached skill level 4 in Armour
  3369 | D:5      | Reached skill level 1 in Evocations
  3404 | D:5      | Found Joittere's Distillery.
  3412 | D:5      | Bought a potion of heal wounds for 60 gold pieces
  3469 | D:5      | Identified a scroll of acquirement
  3469 | D:5      | Acquired 1314 gold pieces
  3487 | D:5      | Reached XP level 8. HP: 60/60 MP: 8/8
  3561 | D:5      | Reached * piety under Hepliaklqana
  3639 | D:5      | Reached skill level 5 in Fighting
  4060 | D:6      | Reached skill level 5 in Armour
  4233 | D:6      | Reached skill level 6 in Armour
  4233 | D:6      | Reached skill level 1 in Shields
  4261 | D:6      | Found a sacrificial altar of Ru.
  4329 | D:6      | Gained mutation: A meltable icy envelope protects you from
                  | harm. (AC +0) [demonic ancestry]
  4329 | D:6      | Reached XP level 9. HP: 62/62 MP: 9/9
  4401 | D:6      | Reached ** piety under Hepliaklqana
  4502 | D:6      | Found a snail-covered altar of Cheibriados.
  5094 | D:7      | Found a flagged portal.
  5103 | Bailey   | Entered a bailey
  5135 | Bailey   | Reached skill level 5 in Shields
  5392 | Bailey   | Noticed a two-headed ogre
  5399 | Bailey   | Killed a two-headed ogre
  5400 | Bailey   | Reached skill level 7 in Armour
  5403 | Bailey   | Reached XP level 10. HP: 54/72 MP: 10/10
  5509 | Bailey   | Remembered your ancestor Arsinoe as a hexer
  5661 | D:7      | Found a shimmering altar of Xom.
  5663 | D:7      | Found a shimmering altar of Xom.
  5663 | D:7      | Found a shimmering altar of Xom.
  5663 | D:7      | Found a shimmering altar of Xom.
  5754 | D:7      | Reached skill level 8 in Armour
  5814 | D:7      | Got the Directory of the Boreal Entourage
  6053 | D:7      | Noticed a faun
  6056 | D:7      | a redback changed into a lindwurm
  6056 | D:7      | Noticed a lindwurm (shapeshifter)
  6198 | D:8      | Reached skill level 9 in Armour
  6198 | D:8      | Reached skill level 1 in Invocations
  6202 | D:8      | Noticed a centaur warrior
  6210 | D:8      | Mangled by an efreet

Illustrated notes

Levels and vault maps discovered:
D:1:      dpeg_arrival_stone_temple_mockup, layout_loops_ring,
          basic_ecumenical_altar
D:2:      layout_rooms, serial_forest, infiniplex_forest_clump_small,
          infiniplex_forest_corner_2, infiniplex_forest_clump_small,
          infiniplex_forest_clump_cross, solitary_fountain,
          uniq_crazy_yiuf_cottage
D:3:      layout_basic, nicolae_overflow_quartered_altars,
          gammafunk_ghost_split, minmay_liquid_box, kennysheep_orc_chapel,
          uniq_grinder, uniq_terence
D:4:      layout_loops_ring, minmay_temple_entry_stoned_glass
D:5:      layout_basic, serial_shops, kennysheep_little_box
D:6:      layout_basic, kennysheep_slug_shrine,
          chequers_temple_overflow_statue_of_worship, serial_glass,
          glass_columns_c, glass_columns_c, glass_columns_a, glass_columns_c
D:7:      layout_basic, xom_shifter_show, enter_bailey_1
D:8:      minmay_the_grid_octo_2x2 [minmay_the_grid_octo_empty,
          minmay_the_grid_octo_toaster, minmay_the_grid_octo_shrine,
          minmay_the_grid_octo_prize_ultimate_mussel_roller], layout_basic,
          kennysheep_diamond

Skill      XL: |  1  2  3  4  5  6  7  8  9 10 |
---------------+-------------------------------+-----
Stealth        | 1 2 |  2.0
Maces & Flails | 1 |  1.6
Axes           | 1 3 4 |  4.8
Fighting       | 4 6 8 |  8.0
Armour         | 1 4 6 7 9 |  9.0
Evocations     | 3 |  3.0
Shields        | 2 5 |  5.0
Invocations    | 1 |  1.4
Short Blades   | |  2.6
Throwing       | |  1.7
Dodging        | |  2.6

Action                   |  1- 3 |  4- 6 |  7- 9 | 10-12 || total
-------------------------+-------+-------+-------+-------++-------
Melee: Rapier            |    35 |       |       |       ||    35
       Whip              |    47 |       |       |       ||    47
       War axe           |    17 |    56 |   131 |    50 ||   254
Throw: Throwing net      |       |     3 |       |       ||     3
       Dart              |       |     7 |     2 |       ||     9
Invok: Recall Ancestor   |       |       |       |     1 ||     1
       Ancestor Life: He |       |       |       |     1 ||     1
  Use: Scroll            |     1 |     4 |     6 |     2 ||    13
       Potion            |       |     1 |       |       ||     1
 Stab: Sleeping          |     7 |       |       |       ||     7
       Distracted        |       |       |     2 |       ||     2
       Confused          |       |       |       |     2 ||     2
Armor: Leather armour    |    24 |    18 |       |       ||    42
       Skin              |       |    13 |       |       ||    13
       Scale mail        |       |       |    53 |    21 ||    74
Dodge: Dodged            |    63 |    26 |    47 |    15 ||   151
Block: Other             |     9 |       |       |       ||     9
       Reflection        |     2 |     1 |     3 |     2 ||     8
       Buckler           |    16 |    30 |   103 |    46 ||   195

Table legend: (Time is in decaauts)
 A = Elapsed time spent in this place.
 B = Non-inter-level travel time spent in this place.
 C = Inter-level travel time spent in this place.
 D = Time resting spent in this place.
 E = Time spent auto-exploring this place.
 F = Levels seen in this place.
 G = Mean time per level.
                   A        B        C        D        E       F      G
               +--------+--------+--------+--------+--------+-----+--------+
         Total |   6463 |   6268 |    195 |    444 |   4610 |   9 |  718.1 |
       Dungeon |   6017 |   5822 |    195 |    214 |   4494 |   8 |  752.1 |
        Bailey |    445 |    445 |      0 |    230 |    115 |   1 |  445.0 |
               +--------+--------+--------+--------+--------+-----+--------+

Top non-repeatable levels by time:
     D:3: 1328 daAuts
     D:6: 1092 daAuts
     D:2: 799 daAuts
     D:5: 735 daAuts
     D:7: 687 daAuts
     D:1: 662 daAuts
     D:4: 621 daAuts
  Bailey: 445 daAuts
     D:8: 90 daAuts
